 Dungeon Crawl Stone Soup version 0.19-a0-1720-gc855d72 (webtiles) character file.

23 JeffiDaFish the Sneak (level 2, 0/13 HPs)
             Began as a Spriggan Enchanter on Sept 29, 2016.
             Slain by a gnoll
             ... wielding a cursed -2 club
              (8 damage)
             ... on level 1 of the Dungeon.
             The game lasted 00:03:07 (1193 turns).

JeffiDaFish the Sneak (Spriggan Enchanter)          Turns: 1193, Time: 00:03:08

Health: 0/13       AC:  4    Str:  4    XL:     2   Next: 75%
Magic:  6/6        EV: 19    Int: 16    God:
Gold:   35         SH:  0    Dex: 16    Spells: 1 memorised, 5 levels left

rFire  . . .     SeeInvis +     a - +1 dagger
rCold  . . .     Gourm    .     b - +1 robe
rNeg   . . .     Faith    .     (shield restricted)
rPois  .         Spirit   .     (helmet restricted)
rElec  .         Dismiss  .     (no cloak)
rCorr  .         Reflect  .     (gloves unavailable)
MR     .....     Harm     .     (boots unavailable)
Stlth  +++.......               (no amulet)
                                (no ring)
                                (no ring)

@: very quick
A: unfitting armour, see invisible, herbivore 3, speed 3, sense surroundings 1,
slow metabolism 2, wild magic 1, MP-powered wands
a: no special abilities


You were on level 1 of the Dungeon.
You were not hungry.

You visited 1 branch of the dungeon, and saw 1 of its levels.

You collected 35 gold pieces.

Inventory:

Hand Weapons
 a - a +1 dagger (weapon)
Armour
 b - a +1 robe (worn)
Potions
 f - a potion of curing
Books
 c - a book of Maledictions

   Spells                             Type                      Level
   a - Corona                         Hexes                        1
   b - Ensorcelled Hibernation        Hexes/Ice                    2
   c - Confuse                        Hexes                        3
   d - Tukima's Dance                 Hexes                        3
   e - Dazzling Spray                 Conjuration/Hexes            3
Comestibles
 d - a bread ration


   Skills:
 + Level 1.2 Short Blades
 + Level 3.4 Dodging
 + Level 4.7 Stealth
 + Level 2.8 Spellcasting
 + Level 4.3 Hexes


You had 5 spell levels left.
You knew the following spells:

 Your Spells              Type           Power        Failure   Level  Hunger
a - Corona                Hex            ###....      6%          1    #......


Dungeon Overview and Level Annotations

Branches:
Dungeon (1/15)

Altars:


Innate Abilities, Weirdness & Mutations

You are very small and have problems with some larger weapons.
You are too small for most types of armour.
You have supernaturally acute eyesight. (SInv)
You are a herbivore.
You cover ground extremely quickly.
You need consume almost no food.
You passively map a small area around you.
Your spells are a little harder to cast, but a little more powerful.
You expend magic power (3 MP) to strengthen your wands.


Message History

You hit the gnoll but do no damage.
The gnoll is moderately wounded.
The gnoll closely misses you.
You hit the gnoll but do no damage.
The gnoll is moderately wounded.
The gnoll closely misses you.
You hit the gnoll.
The gnoll is heavily wounded.
The gnoll misses you.
You hit the gnoll.
The gnoll is heavily wounded.
The gnoll hits you with a club.
You hit the gnoll.
The gnoll is severely wounded.
The gnoll stops glowing.
The gnoll closely misses you.
You hit the gnoll.
The gnoll is severely wounded.
The gnoll hits you with a club!
Ouch! That really hurt!
You die...

#.......#'### #...# ##
#...........# #.>)# #.
#...........# #...# #.
#..........# ##.######.
#..........# #......+. ####
#.....(.K..# ##.#####. ...#
#......#'############.# #.
...# #......#.###....).....#
## ...#
#......#.Kg@..........###
...#
#......#####............####
...# #......#
#########.....)..
...###......# #####........
....######### #...###......
.......# #####...# #......
.......######## #.......#
#...... .......##.....#
#.......# #......
....#####.....# #.......#
#.#....


You could see a gnoll and a kobold.

Vanquished Creatures
  A dart slug (D:1)
  2 leopard geckos (D:1)
  4 bats (D:1)
  A giant cockroach (D:1)
  3 hobgoblins (D:1)
  2 jackals (D:1)
  A quokka (D:1)
  A ball python (D:1)
  2 frilled lizards (D:1)
  A goblin (D:1)
18 creatures vanquished.

Notes
Turn   | Place    | Note
-------+----------+-------------------------------------------
     0 | D:1      | JeffiDaFish the Spriggan Enchanter began the quest for the Orb.
     0 | D:1      | Reached XP level 1. HP: 9/9 MP: 5/5
   520 | D:1      | Reached XP level 2. HP: 13/13 MP: 6/6
   743 | D:1      | Gained mutation: Your spells are a little harder to cast, but a little more powerful. [potion of mutation]
   743 | D:1      | Gained mutation: You expend magic power (3 MP) to strengthen your wands. [potion of mutation]
   743 | D:1      | Gained mutation: You passively map a small area around you. [potion of mutation]
  1193 | D:1      | Slain by a gnoll

Vault maps used:
D:1:      lemuel_arrival_hallway

Skill      XL: |  1 |
---------------+----+-----
Hexes          | 4 |  4.3
Short Blades   | |  1.2
Dodging        | |  3.4
Stealth        | |  4.7
Spellcasting   | |  2.8

Action                   || total
-------------------------++-------
Melee: Dagger            ||    99
 Cast: Corona            ||     2
  Use: Scroll            ||     3
       Potion            ||     2
 Stab: Sleeping          ||     6
       Distracted        ||     1
Armor: Robe              ||    15
Dodge: Dodged            ||    89
